Unix NetHack Version 3.7.0-83 Work-in-progress - last build Apr 28 2023 12:05:44 (2625824c38750939014cf799bb7ff71c9e9c2d48,branch:master). Game began 2023-05-06 18:14:11, ended 2023-05-06 18:27:49. tromix, lawful male human Priest ---- ------------..--- --....--..||....... --.........---....... ---- --....%............)..- --- |..| ----................@..... --.--- |..-------...................o..... |....--- --......|....... -..--....... |*).0..-- --............ ---.....| --..-.)..... --....-------).>%.....- |.................... |-.^..-------....-- |.....| ---....| --.|..--- |...--- --.-- --- Tromix the Adept St:11 Dx:13 Co:17 In:8 Wi:18 Ch:10 Lawful Dlvl:5 $:72 HP:0(44) Pw:94(94) AC:6 Exp:6 T:2351 Latest messages: You see here a gray stone. You see here a gray stone. You fall into a pit! You are still in a pit. You are still in a pit. You are still in a pit. You are still in a pit. You crawl to the edge of the pit. The gnome swings his thonged club. The gnome hits! You miss the gnome. The gnome swings his thonged club. The gnome hits! You kill the gnome! There are several objects here. You see here a gray stone. There are several objects here. u - a dart (at the ready) (14 in total). There is a gnome corpse here; eat it? [ynq] (n) y This gnome corpse tastes okay. You finish eating the gnome corpse. What do you want to use or apply? [fhF or ?*] F Your candle's flame burns brightly! The dwarf throws a dagger! You are hit by a dagger. The dwarf escapes downstairs! You are hit by a dart. You kill the Mordor orc! A knife misses you. u - 8 darts (at the ready) (22 in total). You hit the Mordor orc! You kill the Mordor orc! Welcome to experience level 6. There are several objects here. i - a food ration (3 in total). A knife misses you. You hear a nearby zap. The wand hits you! The Mordor orc hits! You see here a blessed knife. The Mordor orc hits! You hit the Mordor orc. You kill the Mordor orc! The Mordor orc zaps an aluminum wand! The wand misses you. You hit the Mordor orc! The Mordor orc zaps an aluminum wand! The wand hits you! You die... Do you want your possessions identified? [ynq] (y) q Inventory: Coins $ - 72 gold pieces Weapons u - 22 +0 darts (at the ready) a - a blessed +1 mace (weapon in hand) Armor x - a +0 orcish helm (being worn) c - a +0 small shield (being worn) b - a +0 robe (being worn) Comestibles e - a clove of garlic i - 3 food rations E - 2 sprigs of wolfsbane Scrolls z - a cursed scroll of food detection Spellbooks h - a spellbook of protection Potions A - a potion of fruit juice l - 2 potions of levitation p - a cursed potion of see invisible r - a potion of sickness d - 4 potions of holy water o - a potion of water Rings n - a cursed -1 ring of adornment Tools f - an empty sack F - a partly used tallow candle (lit) Tromix the Priest's attributes: Background: You were an Adept, a level 6 human Priest. You were lawful, nominally on a mission for Quetzalcoatl who was opposed by Camaxtli (neutral) and Huhetotl (chaotic). You were in the Gnomish Mines, on level 5. You entered the dungeon 2351 turns ago. There was a full moon in effect when your adventure ended. You had 339 experience points, 301 more were needed to attain level 7. Basics: You had 0 out of 44 hit points. You had all 94 energy points (spell power). Your armor class was 6. Your wallet contained 72 zorkmids. Autopickup was off. Final Characteristics: Your strength was 11 (limit:18/100). Your dexterity was 13 (limit:18). Your constitution was 17 (limit:18). Your intelligence was 8 (limit:18). Your wisdom was 18 (limit:18). Your charisma was 10 (limit:18). Final Status: You were not hungry. You were unencumbered. You were wielding a mace. You were skilled in mace. Final Attributes: You were piously aligned. You were guarded. You were lucky. You are dead. Miscellaneous: You disabled loading of bones levels. Total elapsed playing time was 13 minutes and 37 seconds. Major events: Turn 1: tromix the lawful human Priest entered the dungeon 1066: entered the Gnomish Mines 1096: attained the rank of Acolyte (level 3) 2316: attained the rank of Adept (level 6) 2351: killed by a wand Vanquished creatures: 7 Mordor orcs a pony 2 gnome leaders 4 gnomish wizards a homunculus an iguana a hobbit a brown mold 11 gnomes a gecko 4 jackals 4 goblins a sewer rat 7 grid bugs 2 lichens a kobold zombie 6 newts 55 creatures vanquished. No species were genocided or became extinct. Voluntary challenges: You were an atheist. You were illiterate. You never engraved Elbereth. You never genocided any monsters. You never polymorphed an object. You never changed form. You used no wishes. Achievements: You entered a shop. You entered the Gnomish Mines. You attained the rank of Acolyte. You entered a temple. You attained the rank of Adept. The Dungeons of Doom: levels 1 to 3 Level 1: A fountain. Level 2: A general store, a fountain. Level 3: Stairs down to The Gnomish Mines. The Gnomish Mines: levels 4 to 7 Level 4: Level 5: <- You were here. Final resting place for you, killed by a wand. Level 6: Many shops, a temple, some fountains. Level 7: Game over: ---------- / \ / REST \ / IN \ / PEACE \ / \ | tromix | | 72 Au | | killed by a wand | | | | | | | | 2023 | *| * * * | * _________)/\\_//(\/(/\)/\//\/|_)_______ Goodbye tromix the Priest... You died in The Gnomish Mines on dungeon level 5 with 1721 points, and 72 pieces of gold, after 2351 moves. You were level 6 with a maximum of 44 hit points when you died.